 Dungeon Crawl Stone Soup version 0.25-a0-589-g1e14c549ee (webtiles) character file.

Game seed: 4483934884054080672, levelgen mode: deterministic

131 kae the Distorting Demonspawn (level 4, -1/36 HPs)
             Began as a Demonspawn Abyssal Knight on Mar 11, 2020.
             Was a Believer of Lugonu.
             Slain by a worker ant (5 damage)
             ... on level 4 of the Dungeon.
             The game lasted 00:02:00 (3083 turns).

kae the Distorting Demonspawn (DsAK)                Turns: 3083, Time: 00:02:00

Health: -1/36      AC:  3    Str: 14    XL:     4   Next: 91%
Magic:  6/6        EV: 11    Int: 13    God:    Lugonu [**....]
Gold:   152        SH:  0    Dex: 15    Spells: 3/3 levels left

rFire    . . .     SeeInvis .   a - +2 mace
rCold    . . .     Gourm    .   (no shield)
rNeg     . . .     Faith    .   b - +0 leather armour
rPois    .         Spirit   .   (helmet restricted)
rElec    .         Reflect  .   (no cloak)
rCorr    +         Harm     .   (no gloves)
MR       .....                  (no boots)
Stlth    +.........             (no amulet)
HPRegen  0.12/turn              e - +3 ring of dexterity
MPRegen  0.10/turn              k - ring of resist corrosion

@: lethally poisoned (-1 -> -11)
A: antennae 1
a: Depart the Abyss, Bend Space, Renounce Religion


You were on level 4 of the Dungeon.
You worshipped Lugonu.
Lugonu was pleased with you.
You were hungry.

You visited 1 branch of the dungeon, and saw 4 of its levels.
You visited the Abyss 1 time.

You collected 152 gold pieces.

Inventory:

Hand Weapons
 a - a +2 mace (weapon)
Armour
 b - a +0 leather armour (worn)
Jewellery
 e - a +3 ring of dexterity (left hand)
 i - a +3 ring of intelligence
 k - a ring of resist corrosion (right hand)
Scrolls
 d - 2 scrolls of identify
 g - 3 scrolls of teleportation
 h - 3 scrolls of remove curse
Potions
 l - a potion of curing
Comestibles
 c - 2 rations


   Skills:
 + Level 3.6 Fighting
 * Level 3.2 Maces & Flails
 + Level 2.6 Armour
 - Level 0.8 Dodging
 + Level 3.7 Invocations


You had 3 spell levels left.
You didn't know any spells.
Your spell library was empty.

Dungeon Overview and Level Annotations

Branches:
Dungeon (3/15)

Altars:
The Shining One

Annotations:
D:3 2 transporters


Innate Abilities, Weirdness & Mutations

You have a pair of small antennae on your head.


Message History

You sock the worker ant!
The worker ant is heavily wounded.
The worker ant barely misses you. The worm bites you!
The worker ant misses you.
You are too injured to fight recklessly!
You are too injured to fight recklessly!
You are too injured to fight recklessly!
You are too injured to fight recklessly!
You are too injured to fight recklessly!
You completely miss the worker ant.
The worker ant is heavily wounded.
You feel sick. The worker ant bites you.
You are more poisoned.
The worker ant poisons you! The worm bites you!
* * * LOW HITPOINT WARNING * * *
You barely miss the worker ant.
The worker ant is heavily wounded.
* * * LOW HITPOINT WARNING * * *
You feel sick. The worker ant bites you.
You die...

.....# #....+.......
######
#..........####.#.......
#..........# #.........
#..........# #.........
#..........#####..######
#.................#
#..........# ###..######
#..[..a....# #..........
#.....w@...###.##..#####
####.........#.##..#
#.........#.###.#
#....?....#.....##
#######..........#
#########..# ..>..# #.#
.


You could see a worm and a worker ant.

Vanquished Creatures
  An orc priest (D:4)
  An orc wizard (D:4)
  4 adders (D:2)
  An ooze (D:4)
  A worm (D:2)
  A dart slug (D:1)
  3 leopard geckos
  An orc (D:4)
  6 bats
  3 goblins
  3 hobgoblins
  2 quokkas
  3 frilled lizards
  2 kobolds
  A rat (D:1)
33 creatures vanquished.

Vanquished Creatures (others)
  3 toadstools (D:3)
3 creatures vanquished.

Grand Total: 36 creatures vanquished

Notes
Turn   | Place    | Note
-------+----------+-------------------------------------------
     0 | Abyss:1  | kae the Demonspawn Abyssal Knight began the quest for the
                  | Orb.
     0 | Abyss:1  | Reached XP level 1. HP: 18/18 MP: 2/2
    42 | D:1      | Escaped the Abyss
   468 | D:1      | Gained mutation: You have a pair of small antennae on your
                  | head. [demonic ancestry]
   468 | D:1      | Reached XP level 2. HP: 14/24 MP: 4/4
  1079 | D:2      | Reached XP level 3. HP: 17/29 MP: 5/5
  2682 | D:3      | Reached XP level 4. HP: 29/35 MP: 6/6
  2756 | D:3      | Found a transporter.
  2756 | D:3      | Found a glowing golden altar of the Shining One.
  2767 | D:3      | Found a transporter.
  2810 | D:3      | You fall into a shaft and drop 1 floor!
  2823 | D:4      | Reached ** piety under Lugonu
  3083 | D:4      | Slain by a worker ant

Levels and vault maps discovered:
D:1:      matt_arrival_diagonals, layout_rooms, st_stairs_13
D:2:      layout_basic, first_ration, serial_bayou_lagoon_a
D:3:      minmay_door_path, layout_basic, gammafunk_temple_overflow_arena,
          minmay_misc_feat_square, minmay_gold_behind_fungi
D:4:      old_forge, layout_basic

Skill      XL: |  1  2  3  4 |
---------------+-------------+-----
Maces & Flails | 2 3 |  3.2
Armour         | 2 |  2.6
Invocations    | 3 |  3.7
Fighting       | |  3.6
Dodging        | |  0.8

Action                   |  1- 3 |  4- 6 || total
-------------------------+-------+-------++-------
Melee: Mace              |    91 |    26 ||   117
  Use: Potion            |     4 |     1 ||     5
       Scroll            |     4 |       ||     4
 Stab: Sleeping          |     1 |     1 ||     2
  Eat: Chunk             |     4 |     2 ||     6
Armor: Leather armour    |    45 |     5 ||    50
       Skin              |     7 |       ||     7
Dodge: Dodged            |    71 |    14 ||    85

Table legend:
 A = Non-vault XP
 B = Vault XP
 C = Vault XP percentage of total XP
 D = Non-vault monster count
 E = Vault monster count
 F = Vault count percentage of total count
                 A         B        C        D         E       F
            +---------+---------+-------+---------+---------+-------
      Total |     183 |       5 |   2.7 |      31 |       2 |   6.1
            +---------+---------+-------+---------+---------+-------
        D:1 |      14 |       5 |  26.3 |       7 |       2 |  22.2
        D:2 |      74 |       0 |   0.0 |      15 |       0 |   0.0
        D:3 |       6 |       0 |   0.0 |       3 |       0 |   0.0
        D:4 |      89 |       0 |   0.0 |       6 |       0 |   0.0
            +---------+---------+-------+---------+---------+-------
